 Dungeon Crawl Stone Soup version 0.25.1-8-g42b30a86e7 (webtiles) character file.

Game seed: 7394314835581948763

125 OdinFK the Vandal (level 5, -24/36 HPs)
             Began as a Halfling Hunter on Dec 28, 2020.
             Blown up by Ijyb (32 damage)
             ... with a disintegration bolt
             ... on level 3 of the Dungeon.
             The game lasted 00:08:05 (1463 turns).

OdinFK the Vandal (Halfling Hunter)                 Turns: 1463, Time: 00:08:06

Health: -24/36     AC:  6    Str: 14    XL:     5   Next: 30%
Magic:  5/5        EV: 15    Int:  9    God:
Gold:   170        SH:  0    Dex: 15    Spells: 4/4 levels left

rFire    . . .     SeeInvis .   a - +1 hunting sling
rCold    . . .     Gourm    .   (shield restricted)
rNeg     . . .     Faith    .   c - +0 leather armour
rPois    .         Spirit   .   (no helmet)
rElec    .         Reflect  .   (no cloak)
rCorr    .         Harm     .   n - +2 pair of gloves
MR       .....                  (no boots)
Stlth    ++........             (no amulet)
HPRegen  0.12/turn              (no ring)
MPRegen  0.09/turn              (no ring)

@: no status effects
A: small, mutation resistance 1
a: no special abilities


You were on level 3 of the Dungeon.
You were not hungry.

You visited 1 branch of the dungeon, and saw 3 of its levels.

You collected 170 gold pieces.

Inventory:

Hand Weapons
 a - a +1 hunting sling (weapon)
 b - a +0 short sword
Missiles
 d - 12 sling bullets (quivered)
 e - 73 stones
Armour
 c - a +0 leather armour (worn)
 n - a +2 pair of gloves (worn)
Scrolls
 i - 6 scrolls of identify {unknown}
 l - 2 scrolls of remove curse {unknown}
 m - a scroll of teleportation {unknown}
Potions
 g - a potion of cancellation {unknown}
 h - 5 potions of curing {unknown}
 j - 2 potions of heal wounds {unknown}
Comestibles
 f - 4 rations
 k - a chunk of flesh


   Skills:
 - Level 3.0 Fighting
 + Level 7.6 Slings
 - Level 3.0 Dodging
 + Level 1.2 Stealth


You had 4 spell levels left.
You didn't know any spells.
Your spell library was empty.

Dungeon Overview and Level Annotations

Branches:
Dungeon (3/15)

Altars:
Trog

Annotations:
D:3 Ijyb


Innate Abilities, Weirdness & Mutations

You are small and have problems with some larger weapons.
You are somewhat resistant to further mutation.


Message History

Press: ? - help, v - describe, . - travel, g - get item
Here: Ijyb, wielding a +0 club, wearing a +0 ring mail and carrying a wand of disintegration (5) (heavily wounded)
A stone.
There is something else lying underneath.
The floor.
Press: ? - help, v - describe, . - travel, g - get item
Here: Ijyb, wielding a +0 club, wearing a +0 ring mail and carrying a wand of disintegration (5) (heavily wounded)
A stone.
There is something else lying underneath.
The floor.
Okay, then.
Firing (i - inventory. (/) - cycle)
d - 13 sling bullets (quivered)
Press: ? - help, Shift-Dir - straight line, f/p - Ijyb
Aim: Ijyb, wielding a +0 club, wearing a +0 ring mail and carrying a wand of disintegration (5) (heavily wounded)
You shoot a sling bullet.
The sling bullet hits Ijyb but does no damage.
Ijyb is heavily wounded.
Ijyb zaps a wand.
You are blasted!
Ouch! That really hurt!
You die...

........................###
.............###(.......#
..#########'## #........#
..# #.# #).......# ..# #.#
#(######## ..# #.# #.# ###
#.# #g# #.# #.# #.# #@# #.#
#.# #.# #.# #.####.#
#......# ########


You could see Ijyb.

Vanquished Creatures
  Jessica (D:2)
  5 adders (D:2)
  A dart slug (D:2)
  A leopard gecko (D:1)
  4 giant cockroaches
  8 goblins
  6 hobgoblins
  6 jackals (D:1)
  3 kobolds
  2 ball pythons (D:2)
  6 bats (D:1)
  3 frilled lizards (D:2)
  2 rats (D:1)
48 creatures vanquished.

Notes
Turn   | Place    | Note
-------+----------+-------------------------------------------
     0 | D:1      | OdinFK the Halfling Hunter began the quest for the Orb.
     0 | D:1      | Reached XP level 1. HP: 14/14 MP: 1/1
   187 | D:1      | Reached skill level 6 in Slings
   203 | D:1      | Reached XP level 2. HP: 19/19 MP: 2/2
   433 | D:1      | Reached XP level 3. HP: 24/24 MP: 3/3
   944 | D:2      | Reached XP level 4. HP: 25/30 MP: 4/4
  1101 | D:2      | Noticed Jessica
  1103 | D:2      | Killed Jessica
  1103 | D:2      | Reached skill level 7 in Slings
  1123 | D:2      | Reached XP level 5. HP: 30/36 MP: 5/5
  1431 | D:3      | Found a bloodstained altar of Trog.
  1443 | D:3      | Noticed Ijyb
  1463 | D:3      | Blown up by Ijyb

Illustrated notes

Levels and vault maps discovered:
D:1:      saegor_arrival_under_anarchy, layout_loops_ring, st_stairs_10
D:2:      layout_basic, uniq_jessica
D:3:      lemuel_upstairs_altar, layout_basic, bloody_trog,
          nicolae_overflow_crystal_walls, minmay_three_crescents,
          uniq_crazy_yiuf_cottage, uniq_ijyb

Skill      XL: |  1  2  3  4 |
---------------+-------------+-----
Slings         | 6 7 |  7.6
Fighting       | 2 3 |  3.0
Dodging        | 3 |  3.0
Stealth        | |  1.2

Action                   |  1- 3 |  4- 6 || total
-------------------------+-------+-------++-------
Melee: Short sword       |    25 |    23 ||    48
 Fire: Hunting sling     |    65 |    26 ||    91
 Stab: Sleeping          |     1 |     1 ||     2
  Eat: Chunk             |       |     2 ||     2
Armor: Leather armour    |    12 |    10 ||    22
Dodge: Dodged            |    30 |    17 ||    47
